AoeStats
← Skissue

QS Arena

503446478Analyzed
1v1 RM · 1mo ago on Aug 31, 2026· 38m 50s· 2 players
Game mode
Random Map
Map size
Tiny (2 player)
Population
200
Speed
Normal
Resources
Standard
Victory
Conquest
Starting age
Dark Age
Ending age
Imperial Age
RankedLock teamsTeams togetherTeam positionsShared explorationLock speedFull tech treeHidden civsTurbo modeCheats
Victory
Defeat
🇨🇦 Hindustanis · Canada
1171
+15
🇺🇸 Vietnamese · United States
1158
-15
SirMark
9:05 Feudal Age
12:55 Castle Age
11:00 Double-Bit Axe
12:03 Horse Collar
14:58 Squires
19:39 Wheelbarrow
19:06 Town Watch
23:53 Imperial Age
21:45 Stone Mining
23:01 Fletching
23:35 Ballistics
23:52 Hand Cart
23:37 Bodkin Arrow
24:03 Bow Saw
24:46 Loom
25:51 Bracer
26:35 Padded Archer Armor
28:30 Chemistry
29:41 Heavy Plow
30:45 Two-Man Saw
30:13 Paper Money
30:06 Elite Skirmisher
31:03 Man-at-Arms
32:15 Scale Mail Armor
32:27 Forging
32:10 Long Swordsman
33:01 Two-Handed Swordsman
33:12 Two-Handed Swordsman
34:32 Chain Mail Armor
33:51 Champion
35:25 Iron Casting
34:34 Imperial Skirmisher
36:14 Plate Mail Armor
Skissue
8:16 Feudal Age
11:58 Castle Age
10:21 Double-Bit Axe
10:48 Horse Collar
12:55 Bow Saw
17:56 Wheelbarrow
17:09 Loom
19:37 Gold Mining
24:43 Imperial Age
22:38 Scale Mail Armor
22:49 Forging
23:02 Heavy Plow
23:39 Gold Shaft Mining
23:49 Chain Mail Armor
24:10 Hand Cart
25:00 Iron Casting
27:17 Two-Man Saw
26:21 Stone Mining
27:58 Conscription
27:03 Elite Ghulam
29:18 Blast Furnace
28:18 Padded Archer Armor
30:31 Chemistry
29:52 Ballistics
29:43 Masonry
30:15 Fletching
30:42 Shatagni
32:21 Stone Shaft Mining
32:33 Leather Archer Armor
33:44 Ring Archer Armor
33:51 Hoardings
35:03 Fortified Wall
34:59 Siege Engineers
36:20 Bodkin Arrow
39:02 Squires
38:48 Arson
Connection lost

Rejoining the realm…

Still unreachable

The connection could not be restored.

Session expired

The server has moved on; the page needs a fresh start.